 Dungeon Sprint DCSS version 0.23.0-3-gf3c87f2 (webtiles) character file.

Game seed: 16083258899148384531

247595 nuthulu the Wrestler (level 16, -5/189 HPs)
             Began as a Troll Monk on Feb 20, 2019.
             Was the Champion of Yredelemnul.
             Slain by Antaeus (12 damage)
             ... in the Dungeon (Sprint III: "The Ten Rune Challenge").
             The game lasted 00:51:39 (7019 turns).

nuthulu the Wrestler (Troll Monk)                   Turns: 7019, Time: 00:51:39

Health: -5/189     AC: 41    Str: 36    XL:     16   Next: 74%
Magic:  26/26      EV:  6    Int:  6    God:    Yredelemnul [******]
Gold:   889        SH:  0    Dex: 10    Spells: 15/15 levels left

rFire    + + .     SeeInvis +     - Unarmed
rCold    + + +     Gourm    +   H - +1 shield {AC+3}
rNeg     . . .     Faith    .   I - +9 scales of the Dragon King {rPois rF+ rC+ MR+}
rPois    +         Spirit   .   j - +0 mask of the Dragon {MR+ Slay+3 SInv}
rElec    +         Reflect  .   i - +0 cloak {MR+}
rCorr    .         Harm     .   (gloves unavailable)
MR       +++++     NoTele   +   (boots unavailable)
Stlth    ..........             F - amulet "Lase Emy" {Acrobat rPois rF+ Str+4 Dex-2}
HPRegen  0.81/turn              A - ring "Wouzaem" {rPois rC+ Str+2}
MPRegen  0.20/turn              K - ring "Huurhepro" {rElec MR+ SInv}

@: frozen, flying, held, studying Evocations, very slow
A: large, unfitting armour, claws 3, icy blue scales 1, camouflage 1, see
invisible, cold resistance 1, fast metabolism 3, gourmand, regeneration 1,
shaggy fur 1, strong 1, tough skin 3
}: 6/10 runes: decaying, serpentine, silver, golden, iron, icy
a: Recall Undead Slaves, Injury Mirror, Animate Dead, Drain Life, Enslave Soul,
Renounce Religion


You were in the Dungeon.
You worshipped Yredelemnul.
Yredelemnul was exalted by your worship.
You were not hungry.

You visited 1 branch You collected 3457 gold pieces.
You spent 2568 gold pieces at shops.

Inventory:

Hand Weapons
 N - the +3 giant club "Skullcrusher" {speed, Str+7}
   (You took it off an iron giant in the Dungeon)

   Attacks with this weapon are significantly faster.
   It affects your strength (+7).
Missiles
 v - 100 arrows
 L - 2 throwing nets (quivered)
Armour
 a - a +1 robe
 c - the +5 robe of Night {Dark MR+ SInv}
   (You found it in the Dungeon)

   It affects your resistance to hostile enchantments.
   It lets you see invisible.
 e - the +1 robe of the Butterfly {rPois rN+ Int+3 Dex+2}
   (You bought it in a shop in the Dungeon)

   It affects your intelligence (+3).
   It affects your dexterity (+2).
   It protects you from poison.
   It protects you from negative energy.
 i - a +0 cloak of magic resistance (worn)
 j - the +0 mask of the Dragon (worn) {MR+ Slay+3 SInv}
   (You bought it in a shop in the Dungeon)

   It affects your accuracy and damage with ranged weapons and melee attacks
   (+3).
   It affects your resistance to hostile enchantments.
   It lets you see invisible.
 n - the +3 hat of Pondering {ponderous, MR+ MP+10 Int+5}
   (You took it off Gastronok in the Dungeon)

   It affects your intelligence (+5).
   It affects your resistance to hostile enchantments.
   It affects your magic capacity (+10).
 o - the +2 cloak "Weud" {*Corrode MR+ Dex+3 Stlth+}
   (You acquired it in the Dungeon)

   It affects your dexterity (+3).
   It affects your resistance to hostile enchantments.
   It may corrode you when you take damage.
   It makes you more stealthy.
 u - a +0 shield of reflection
 y - the +0 hat of the Shore {rElec rC- Str+2 Slay+2}
   (You acquired it in the Dungeon)

   It affects your strength (+2).
   It affects your accuracy and damage with ranged weapons and melee attacks
   (+2).
   It makes you vulnerable to cold.
   It insulates you from electricity.
 H - a +1 shield of protection (worn)
 I - the +9 scales of the Dragon King (worn) {rPois rF+ rC+ MR+}
   (You acquired it in the Dungeon)

   It protects you from fire.
   It protects you from cold.
   It protects you from poison.
   It affects your resistance to hostile enchantments.
 J - the +0 shield of Fun {rC+ Str-2 Int+2}
   (You acquired it in the Dungeon)

   It affects your strength (-2).
   It affects your intelligence (+2).
   It protects you from cold.
Jewellery
 l - an uncursed ring of wizardry {unknown}
 m - a +4 amulet of reflection
 q - an uncursed ring of positive energy {unknown}
 w - an uncursed ring of protection from fire
 A - the ring "Wouzaem" (left claw) {rPois rC+ Str+2}
   (You found it in the Dungeon)

   [ring of poison resistance]

   It affects your strength (+2).
   It protects you from cold.
   It protects you from poison.
 B - the ring "Zayt" {+Fly rF+ rC- Int+8}
   (You found it in the Dungeon)

   [ring of flight]

   It affects your intelligence (+8).
   It protects you from fire.
   It makes you vulnerable to cold.
   It lets you fly.
 C - an uncursed ring of see invisible {unknown}
 E - an uncursed ring of stealth {unknown}
 F - the amulet "Lase Emy" (around neck) {Acrobat rPois rF+ Str+4 Dex-2}
   (You found it in the Dungeon)

   [amulet of the acrobat]

   It helps you evade while moving and waiting.
   It affects your strength (+4).
   It affects your dexterity (-2).
   It protects you from fire.
   It protects you from poison.
 G - an uncursed amulet of guardian spirit {unknown}
 K - the ring "Huurhepro" (right claw) {rElec MR+ SInv}
   (You acquired it in the Dungeon)

   [ring of protection from magic]

   It insulates you from electricity.
   It affects your resistance to hostile enchantments.
   It lets you see invisible.
Wands
 g - a wand of acid (5)
 t - a wand of polymorph (2)
 x - a wand of iceblast (7)
Scrolls
 p - a scroll of remove curse
Potions
 d - 5 potions of curing
 f - 3 potions of magic
 h - a potion of heal wounds
 k - a potion of mutation
 r - a potion of invisibility
 s - a potion of lignification
 M - a potion of resistance
Books
 D - a manual of Evocations
Comestibles
 b - 14 rations


   Skills:
 * Level 19.0 Fighting
 * Level 17.1 Armour
 + Level 19.1 Dodging
 - Level 1.0 Stealth
 * Level 19.5 Shields
 - Level 21.7 Unarmed Combat
 - Level 15.9 Invocations


You had 15 spell levels left.
You didn't know any spells.
Your spell library contained the following spells:

 Spells                   Type           Power        Failure   Level  Hunger
 Animate Skeleton         Necr           N/A          99%         1    ##.....
 Apportation              Tloc           #.....       99%         1    ##.....
 Confusing Touch          Hex            #.....       99%         1    ##.....
 Summon Butterflies       Summ           #.......     99%         1    ##.....
 Summon Small Mammal      Summ           #...         99%         1    ##.....
 Confuse                  Hex            #.......     100%        3    ####...
 Gell's Gravitas          Tloc           #.........   100%        3    ####...
 Lesser Beckoning         Tloc           #.........   100%        3    ####...
 Tukima's Dance           Hex            #.......     100%        3    ####...
 Petrify                  Tmut/Erth      #.......     100%        4    #####..
 Alistair's Intoxication  Tmut/Pois      #.......     100%        5    ######.
 Metabolic Englaciation   Hex/Ice        #.........   100%        5    ######.
 Yara's Violent Unravell  Hex/Tmut       #.........   100%        5    ######.
 Invisibility             Hex            #.......     100%        6    #######


Dungeon Overview and Level Annotations

Branches:
Dungeon (1/1)

Altars:
Cheibriados
Dithmenos
Elyvilon
Fedhas
Gozag
Hepliaklqana
Kikubaaqudgha
Makhleb
Nemelex Xobeh
Okawaru
Qazlal
Ru
Sif Muna
Trog
Uskayaw
Vehumet
Wu Jian
Xom
Yredelemnul
Zin
The Shining One
Beogh
Jiyva
Lugonu

Shops:
D !(=[%}(%%[!!:*([!:}?%==

Annotations:
D Antaeus, Chuck


Innate Abilities, Weirdness & Mutations

You are too large for most types of armour.
You have claws for hands.
Your metabolism is lightning-fast.
You like to eat raw meat.
Your natural rate of healing is unusually fast.
You are covered in fur. (AC +1)
You have extremely tough skin. (AC +3)
You are partially covered in icy blue scales. (AC +2)
Your skin changes colour to match your surroundings (Stealth+).
You have supernaturally acute eyesight. (SInv)
Your flesh is cold resistant. (rC+)
Your muscles are strong. (Str +2)


Message History

You hear a splash.
Your vampire hits Antaeus. Antaeus blocks your vampire's attack.
Antaeus gestures at you. The flash freeze hits you. You partially resist.
You are encased in ice.
Unknown command.
Unknown command.
You tear a large gash into the net.
Antaeus blocks your vampire's attack.
Your vampire bites Antaeus.
Antaeus hits you!!!
* * * LOW HITPOINT WARNING * * *
Antaeus freezes you! You resist.
* * * LOW HITPOINT WARNING * * *
Antaeus hits you!
* * * LOW HITPOINT WARNING * * *
Antaeus freezes you! You resist.
* * * LOW HITPOINT WARNING * * *
You struggle against the net.
Antaeus blocks your vampire's attack. x2
Antaeus hits you!
You die...
Your body rises from the dead as a mindless zombie.

*8,,§§.,,,,,8*#....)Z^Z^.
*######+#############)####
*.........(......(....)...
*.........................
*.....ZZZZ2.((.(((.()))((.
*.....ZZZZZ2........().(..
*.....nZZZZZZ.............
*#######V#############+###
**#≈≈≈C@≈≈≈≈#*,,,*,,,,*,
*,+≈###≈≈####*,,,+,,,,+,
####≈#['≈≈#,* *,,,*,,,,*,
#≈≈≈≈###≈≈#+##**+********
#≈≈≈≈≈≈≈≈≈≈≈≈# *,,,,,,,,,
#≈≈≈≈###≈≈≈≈≈#**+********
##+#≈#.'≈≈####*,,,*,,,,,,
*,#≈###≈≈+,* *,,,+,,,,,,
**#≈≈≈≈≈≈#** *,,,*,,,,,,


You could see Antaeus, a friendly ghoul, a friendly vampire, a friendly death
yak zombie, a friendly yaktaur zombie, a friendly yaktaur captain zombie, 2
friendly vault guard zombies, a friendly Killer Klown zombie, a friendly
draconian knight skeleton and a friendly ghoul skeleton.

Vanquished Creatures
  Boris (D)
  A Killer Klown (D)
  A lich (D)
  An iron giant (D)
  An Ice Fiend (D)
  2 Hell Sentinels (D)
  Gastronok (D)
  An Executioner (D)
  Roxanne (D)
  Dowan (D)
  2 draconian knights (D)
  A draconian stormcaller (D)
  2 war gargoyles (D)
  2 stone giants (D)
  A vampire knight (D)
  A dire elephant (D)
  3 mummy priests (D)
  A naga warrior (D)
  A vault guard (D)
  A centaur warrior (D)
  2 anacondas (D)
  A hell beast (D)
  2 titan zombies (D)
  2 orc high priests (D)
  A death yak (D)
  Urug (D)
  2 deep elf knights (D)
  A soul eater (D)
  An iron golem (D)
  A death drake (D)
  A fire crab (shapeshifter) (D)
  2 skeletal warriors (D)
  A glowing orange brain (D)
  An anaconda zombie (D)
  A swamp dragon (D)
  An orange crystal statue (D)
  A spectral iron dragon (D)
  A spriggan druid (D)
  3 kraken simulacra (D)
  An orc sorcerer (D)
  4 deep elf magi (D)
  3 crystal guardians (D)
  2 oklob plants (D)
  An ugly thing (D)
  2 shining eyes (D)
  A guardian serpent (D)
  An iron troll simulacrum (D)
  3 statues (D)
  A rime drake (D)
  3 yaktaurs (D)
  A queen bee (D)
  3 wandering mushrooms (D)
  A hornet (D)
  A spriggan defender (D)
  2 slime creatures (D)
  5 blink frogs (D)
  A dream sheep (shapeshifter) (D)
  3 redbacks (D)
  A shadow (D)
  A spatial vortex (D)
  4 water moccasins (D)
  A floating eye (D)
  2 swamp drakes (D)
  An orc warrior (D)
  A necrophage (D)
  5 two-headed ogres (D)
  A water elemental (D)
  10 killer bees (D)
  An electric eel (D)
  Crazy Yiuf (D)
  Jessica (D)
  A wizard (D)
  A necromancer (D)
  2 killer bee zombies (D)
  A two-headed ogre zombie (D)
  3 humans (D)
  A spriggan zombie (D)
  A kobold demonologist (D)
  An ooze (D)
  An orc (D)
  4 orc zombies (D)
  A rat (D)
  4 ballistomycetes (D)
  17 plants (D)
  A tentacle (D)
160 creatures vanquished.

Vanquished Creatures (collateral kills)
  An ancient lich (D)
  Dispater (D)
  Mara (D)
  Mennas (D)
  2 greater mummies (D)
  Frederick (D)
  the Lernaean hydra (D)
  A golden dragon (D)
  An electric golem (D)
  Rupert (D)
  2 Orb Guardians (D)
  A titan (D)
  7 shadow dragons (D)
  2 sphinxes (D)
  4 azure jellies (D)
  A fire giant (D)
  A nagaraja (D)
  A frost giant (D)
  A draconian knight (D)
  A draconian stormcaller (D)
  A stone giant (D)
  2 war gargoyles (D)
  A vampire knight (D)
  A dire elephant (D)
  A yellow draconian (D)
  8 mummy priests (D)
  A fire dragon (D)
  3 yaktaur captains (D)
  A hell beast (D)
  Erolcha (D)
  15 vault guards (D)
  6 anacondas (D)
  3 hydras (D)
  An ogre mage (D)
  A centaur warrior (D)
  4 dancing weapons (D)
  An iron elemental (D)
  3 death yaks (D)
  A deep elf knight (D)
  2 sun demons (D)
  A soul eater (D)
  A shadow wraith (D)
  6 skeletal warriors (D)
  A spectral iron dragon (D)
  A deep troll (shapeshifter) (D)
  A swamp dragon (D)
  An obsidian statue (D)
  An anaconda zombie (D)
  A lindwurm (D)
  3 orc sorcerers (D)
  An ugly thing (D)
  A deep elf mage (D)
  A crystal guardian (D)
  A manticore (shapeshifter) (D)
  A faun (shapeshifter) (D)
  2 black mambas (D)
  A moth of wrath (D)
  A guardian serpent (shapeshifter) (D)
  5 statues (D)
  2 elephants (D)
  A molten gargoyle (D)
  Duvessa (D)
  2 spiny frogs (D)
  2 ice devils (D)
  17 guardian mummies (D)
  5 yaktaurs (D)
  An anaconda simulacrum (D)
  A komodo dragon (D)
  3 spriggan defenders (D)
  A tyrant leech (shapeshifter) (D)
  2 tyrant leeches (D)
  2 hornets (D)
  An orc high priest (D)
  3 slime creatures (D)
  3 blink frogs (D)
  2 redbacks (D)
  2 spriggans (D)
  A vampire (D)
  A golden eye (D)
  2 nagas (D)
  A floating eye (D)
  A water moccasin (D)
  A swamp drake (D)
  2 orc warriors (D)
  22 killer bees (D)
  A jelly (D)
  3 orc priests (D)
  4 adders (D)
  A two-headed ogre zombie (D)
  A ball lightning (D)
  6 orcs (D)
  A ballistomycete spore (D)
  7 bushes (D)
  4 butterflies (D)
  26 plants (D)
256 creatures vanquished.

Vanquished Creatures (others)
  7 profane servitors (D)
  9 bone dragons (D)
  2 draconian scorchers (D)
  7 ghouls (D)
  8 vampire knights (D)
  Nessos (D)
  17 skeletal warriors (D)
  2 anaconda zombies (D)
  11 flayed ghosts (D)
  13 phantasmal warriors (D)
  2 sphinx zombies (D)
  A shadow dragon zombie (D)
  An ugly thing zombie (D)
  A shadow dragon skeleton (D)
  A centaur zombie (D)
  2 death yak zombies (D)
  3 redback zombies (D)
  6 hellions (D)
  3 yaktaurs (D)
  A hydra zombie (D)
  3 human skeletons (D)
  A black mamba zombie (D)
  A fire dragon zombie (D)
  12 flying skulls (D)
  10 vampires (D)
  2 wraiths (D)
  3 elf zombies (D)
  2 blink frog zombies (D)
  6 orc zombies (D)
  A swamp dragon zombie (D)
  A rime drake zombie (D)
  2 yaktaur zombies (D)
  2 water moccasin zombies (D)
  3 spriggan zombies (D)
  2 wights (D)
  6 human zombies (D)
  An ogre zombie (D)
  12 killer bee zombies (D)
  2 naga zombies (D)
  A necrophage skeleton (D)
  2 swamp drake zombies (D)
  A two-headed ogre zombie (D)
  2 adder zombies (D)
  2 ball lightnings (D)
  2 orcs (D)
  2 ballistomycetes (D)
  5 ballistomycete spores (D)
  A bush (D)
  6 plants (D)
  2 tentacles (D)
196 creatures vanquished.

Grand Total: 612 creatures vanquished

Notes
Turn   | Place    | Note
-------+----------+-------------------------------------------
     0 | D        | nuthulu the Troll Monk began the quest for the Orb.
     0 | D        | Reached XP level 1. HP: 22/22 MP: 0/0
    23 | D        | Noticed Jessica
    26 | D        | Killed Jessica
    26 | D        | Reached skill level 5 in Unarmed Combat
    26 | D        | Reached XP level 2. HP: 28/31 MP: 1/1
    26 | D        | Reached XP level 3. HP: 34/37 MP: 2/2
    99 | D        | Killed a hellion
    99 | D        | Killed a hellion
   101 | D        | Noticed Crazy Yiuf
   107 | D        | Killed a hellion
   108 | D        | Killed a hellion
   110 | D        | Killed a hellion
   122 | D        | Killed Crazy Yiuf
   122 | D        | Reached skill level 6 in Unarmed Combat
   122 | D        | Reached XP level 4. HP: 48/48 MP: 3/3
   150 | D        | Reached skill level 11 in Unarmed Combat
   150 | D        | Reached XP level 5. HP: 54/54 MP: 4/4
   151 | D        | Gained mutation: Armour fits poorly on your strangely
                  | shaped body. [potion of mutation]
   151 | D        | Gained mutation: You have large cloven feet. [potion of
                  | mutation]
   151 | D        | Gained mutation: Your mind is acute. (Int +2) [potion of
                  | mutation]
   152 | D        | Lost mutation: Your mind is acute. (Int +2) [potion of
                  | mutation]
   152 | D        | Lost mutation: Armour fits poorly on your strangely shaped
                  | body. [potion of mutation]
   152 | D        | Lost mutation: You have large cloven feet. [potion of
                  | mutation]
   152 | D        | Gained mutation: You evolve. [potion of mutation]
   152 | D        | Gained mutation: Your flesh is cold resistant. (rC+)
                  | [potion of mutation]
   152 | D        | Gained mutation: Your spells are a little harder to cast,
                  | but a little more powerful. [potion of mutation]
   152 | D        | Gained mutation: You have supernaturally acute eyesight.
                  | (SInv) [potion of mutation]
   162 | D        | Killed a hellion
   172 | D        | Noticed a water elemental
   178 | D        | Killed a water elemental
   178 | D        | Reached skill level 12 in Unarmed Combat
   187 | D        | Killed a yaktaur
   197 | D        | Killed a white draconian scorcher
   210 | D        | Killed a white draconian scorcher
   213 | D        | Found a basalt altar of Yredelemnul.
   213 | D        | Found a shadowy altar of Dithmenos.
   213 | D        | Found a sacrificial altar of Ru.
   213 | D        | Noticed a necrophage
   220 | D        | Killed a necrophage
   220 | D        | Reached XP level 6. HP: 38/64 MP: 5/5
   224 | D        | Became a worshipper of Yredelemnul the Dark
   224 | D        | Reached * piety under Yredelemnul
   224 | D        | Reached ** piety under Yredelemnul
   268 | D        | Found a glowing silver altar of Zin.
   268 | D        | Found a glowing golden altar of the Shining One.
   268 | D        | Found a white marble altar of Elyvilon.
   268 | D        | Noticed a deep elf mage
   276 | D        | Killed a deep elf mage
   276 | D        | Reached skill level 5 in Fighting
   276 | D        | Reached skill level 5 in Dodging
   276 | D        | Reached skill level 14 in Unarmed Combat
   276 | D        | Reached XP level 7. HP: 73/73 MP: 6/6
   277 | D        | Found a hide-covered altar of Uskayaw.
   277 | D        | Found a roughly hewn altar of Beogh.
   277 | D        | Found an iron altar of Okawaru.
   277 | D        | Found a bloodstained altar of Trog.
   277 | D        | Found an ornate altar of the Wu Jian Council.
   277 | D        | Noticed a human
   277 | D        | Noticed a human
   281 | D        | Killed a human
   287 | D        | Killed a human
   318 | D        | Found a radiant altar of Vehumet.
   319 | D        | Found a deep blue altar of Sif Muna.
   319 | D        | Found an ancient bone altar of Kikubaaqudgha.
   322 | D        | Reached *** piety under Yredelemnul
   322 | D        | Reached skill level 1 in Invocations
   333 | D        | Noticed a sixfirhy
   344 | D        | Reached XP level 8. HP: 20/83 MP: 7/7
   344 | D        | Received a gift from Yredelemnul (2 flying skulls)
   355 | D        | Killed a yaktaur
   462 | D        | Reached skill level 15 in Unarmed Combat
   470 | D        | Found a blossoming altar of Fedhas.
   470 | D        | Found a stormy altar of Qazlal.
   471 | D        | Found a snail-covered altar of Cheibriados.
   471 | D        | Found a burning altar of Makhleb.
   471 | D        | Found a hazy altar of Hepliaklqana.
   471 | D        | Found a shimmering altar of Xom.
   471 | D        | Found an opulent altar of Gozag.
   471 | D        | Found a sparkling altar of Nemelex Xobeh.
   471 | D        | Found a corrupted altar of Lugonu.
   471 | D        | Found a viscous altar of Jiyva.
   481 | D        | Reached **** piety under Yredelemnul
   481 | D        | Received a gift from Yredelemnul (a wight)
   702 | D        | Noticed a two-headed ogre
   708 | D        | Killed a two-headed ogre
   708 | D        | Reached skill level 16 in Unarmed Combat
   758 | D        | Noticed a two-headed ogre
   758 | D        | Noticed Erolcha
   773 | D        | Killed Erolcha
   773 | D        | Reached XP level 9. HP: 92/92 MP: 9/9
   778 | D        | Killed a two-headed ogre
   778 | D        | Reached ***** piety under Yredelemnul
   778 | D        | Reached skill level 17 in Unarmed Combat
   778 | D        | Received a gift from Yredelemnul (a wight)
   839 | D        | Your ally Erolcha died
   841 | D        | Received a gift from Yredelemnul (3 flying skulls)
   849 | D        | Received a gift from Yredelemnul (3 flying skulls)
   862 | D        | Reached ****** piety under Yredelemnul
   869 | D        | Noticed a queen bee
   887 | D        | Killed a queen bee
   887 | D        | Reached skill level 18 in Unarmed Combat
   890 | D        | Received a gift from Yredelemnul (a wraith)
   903 | D        | Received a gift from Yredelemnul (a vampire)
   915 | D        | Received a gift from Yredelemnul (a vampire)
   926 | D        | Received a gift from Yredelemnul (a skeletal warrior)
   929 | D        | Received a gift from Yredelemnul (a phantasmal warrior)
   933 | D        | Received a gift from Yredelemnul (2 flying skulls)
   936 | D        | Received a gift from Yredelemnul (2 flying skulls)
  1016 | D        | Found Qioqek's Armour Emporium.
  1017 | D        | Noticed an orc high priest
  1029 | D        | Noticed an orc sorcerer
  1037 | D        | Noticed an orc sorcerer
  1038 | D        | Noticed a sixfirhy
  1042 | D        | Noticed an orc sorcerer
  1045 | D        | Killed an orc high priest
  1045 | D        | Reached XP level 10. HP: 91/102 MP: 10/12
  1058 | D        | Killed an orc sorcerer
  1058 | D        | Reached skill level 19 in Unarmed Combat
  1058 | D        | Received a gift from Yredelemnul (a skeletal warrior)
  1065 | D        | Killed an orc sorcerer
  1079 | D        | Killed an orc sorcerer
  1079 | D        | Reached skill level 5 in Invocations
  1082 | D        | Noticed an orc sorcerer
  1088 | D        | Noticed a smoke demon
  1096 | D        | Killed an orc sorcerer
  1097 | D        | Received a gift from Yredelemnul (a vampire)
  1097 | D        | Received a gift from Yredelemnul (a flayed ghost)
  1108 | D        | Received a gift from Yredelemnul (a wraith)
  1210 | D        | Noticed a deep elf knight
  1210 | D        | Noticed a deep elf mage
  1210 | D        | Noticed a deep elf mage
  1210 | D        | Noticed a deep elf mage
  1210 | D        | Noticed a deep elf mage
  1221 | D        | Killed a deep elf mage
  1222 | D        | Received a gift from Yredelemnul (a skeletal warrior)
  1226 | D        | Killed a deep elf mage
  1228 | D        | Killed a deep elf knight
  1228 | D        | Reached skill level 20 in Unarmed Combat
  1233 | D        | Killed a deep elf mage
  1238 | D        | Killed a deep elf mage
  1242 | D        | Noticed a deep elf demonologist
  1243 | D        | Noticed a sun demon
  1244 | D        | Noticed a deep elf demonologist
  1267 | D        | Bought the +1 robe of the Butterfly {rPois rN+ Int+3 Dex+2}
                  | for 316 gold pieces
  1267 | D        | Bought the +0 mask of the Dragon {MR+ Slay+3 SInv} for 334
                  | gold pieces
  1267 | D        | Found the +0 mask of the Dragon {MR+ Slay+3 SInv}
  1318 | D        | Noticed Dowan
  1318 | D        | Noticed Duvessa
  1327 | D        | Killed Dowan
  1327 | D        | Reached XP level 11. HP: 83/110 MP: 13/15
  1327 | D        | Received a gift from Yredelemnul (a phantasmal warrior)
  1332 | D        | Killed Duvessa
  1332 | D        | Reached skill level 21 in Unarmed Combat
  1415 | D        | Received a gift from Yredelemnul (a skeletal warrior)
  1428 | D        | Received a gift from Yredelemnul (a flayed ghost)
  1459 | D        | Received a gift from Yredelemnul (a vampire)
  1469 | D        | Received a gift from Yredelemnul (a bone dragon)
  1469 | D        | Received a gift from Yredelemnul (a flayed ghost)
  1541 | D        | Noticed a dire elephant
  1541 | D        | Noticed a dire elephant
  1541 | D        | Noticed Gastronok
  1554 | D        | Killed a dire elephant
  1554 | D        | Received a gift from Yredelemnul (a flayed ghost)
  1557 | D        | Killed a dire elephant
  1562 | D        | Killed Gastronok
  1653 | D        | Noticed an azure jelly
  1653 | D        | Noticed an azure jelly
  1653 | D        | Noticed an azure jelly
  1654 | D        | Noticed an azure jelly
  1656 | D        | Noticed Rupert
  1666 | D        | Killed Rupert
  1666 | D        | Reached skill level 10 in Dodging
  1666 | D        | Reached skill level 10 in Invocations
  1692 | D        | Noticed a death yak
  1693 | D        | Noticed a death yak
  1703 | D        | Killed a death yak
  1706 | D        | Noticed a death yak
  1706 | D        | Noticed a death yak
  1707 | D        | Killed a death yak
  1708 | D        | Received a gift from Yredelemnul (a profane servitor)
  1714 | D        | Killed a death yak
  1714 | D        | Reached skill level 10 in Fighting
  1714 | D        | Reached XP level 12. HP: 123/126 MP: 18/18
  1715 | D        | Received a gift from Yredelemnul (a profane servitor)
  1719 | D        | Killed a death yak
  1719 | D        | Received a gift from Yredelemnul (a flayed ghost)
  1733 | D        | Received a gift from Yredelemnul (a ghoul)
  1780 | D        | Killed an azure jelly
  1784 | D        | Killed an azure jelly
  1784 | D        | Killed an azure jelly
  1788 | D        | Killed an azure jelly
  1861 | D        | Noticed an acid blob
  1882 | D        | Gained mutation: Potions are less effective at restoring
                  | your health. [a shining eye]
  1951 | D        | Noticed an anaconda
  1951 | D        | Noticed an anaconda
  1963 | D        | Killed an anaconda
  1965 | D        | Killed an anaconda
  1979 | D        | Noticed an anaconda
  1980 | D        | Noticed an anaconda
  1984 | D        | Killed an anaconda
  1985 | D        | Received a gift from Yredelemnul (a vampire knight)
  1986 | D        | Killed an anaconda
  1987 | D        | Received a gift from Yredelemnul (a bone dragon)
  1987 | D        | Received a gift from Yredelemnul (a flayed ghost)
  1991 | D        | Received a gift from Yredelemnul (a vampire knight)
  2006 | D        | Killed an anaconda
  2007 | D        | Noticed an anaconda
  2008 | D        | Noticed an anaconda
  2008 | D        | Noticed an anaconda
  2013 | D        | Killed an anaconda
  2017 | D        | Killed an anaconda
  2017 | D        | Received a gift from Yredelemnul (a vampire)
  2017 | D        | Killed an anaconda
  2096 | D        | Noticed a naga warrior
  2096 | D        | Noticed a nagaraja
  2108 | D        | Killed a naga warrior
  2110 | D        | Killed a nagaraja
  2117 | D        | Found Zada's Distillery.
  2117 | D        | Found Ezuhifogac's Antique Weapon Emporium.
  2120 | D        | Found Ned Wueb's Jewellery Shop.
  2134 | D        | Bought 2 potions of heal wounds for 120 gold pieces
  2134 | D        | Bought a potion of heal wounds for 60 gold pieces
  2136 | D        | Bought a +4 amulet of reflection for 324 gold pieces
  2215 | D        | Got a serpentine rune of Zot
  2315 | D        | Received a gift from Yredelemnul (a vampire knight)
  2333 | D        | Received a gift from Yredelemnul (a vampire)
  2449 | D        | Noticed Urug
  2454 | D        | Killed Urug
  2454 | D        | Reached XP level 13. HP: 111/141 MP: 22/22
  2477 | D        | Received a gift from Yredelemnul (a flayed ghost)
  2675 | D        | Received a gift from Yredelemnul (a vampire knight)
  2693 | D        | Received a gift from Yredelemnul (a flayed ghost)
  2693 | D        | Noticed the 27-headed Lernaean hydra
  2713 | D        | Killed the 27-headed Lernaean hydra
  2713 | D        | Reached skill level 15 in Invocations
  2725 | D        | Found Nueril's Food Emporium.
  2725 | D        | Found Kuasior's Gadget Shop.
  2727 | D        | Found Fofughaq's Antique Weapon Shoppe.
  2733 | D        | Bought a ration for 55 gold pieces
  2733 | D        | Bought a ration for 55 gold pieces
  2733 | D        | Bought a ration for 55 gold pieces
  2733 | D        | Bought a ration for 55 gold pieces
  2733 | D        | Bought a ration for 55 gold pieces
  2733 | D        | Bought a ration for 55 gold pieces
  2749 | D        | Got a decaying rune of Zot
  2799 | D        | Found a blossoming altar of Fedhas.
  2810 | D        | Received a gift from Yredelemnul (a profane servitor)
  3014 | D        | Received a gift from Yredelemnul (a phantasmal warrior)
  3145 | D        | Received a gift from Yredelemnul (a skeletal warrior)
  3153 | D        | Noticed a fire dragon
  3159 | D        | Killed a fire dragon
  3177 | D        | Reached skill level 1 in Armour
  3177 | D        | Reached skill level 1 in Shields
  3241 | D        | Received a gift from Yredelemnul (a skeletal warrior)
  3242 | D        | Received a gift from Yredelemnul (a vampire)
  3247 | D        | Killed Nessos
  3252 | D        | Received a gift from Yredelemnul (a vampire knight)
  3469 | D        | Noticed Chuck
  3476 | D        | Received a gift from Yredelemnul (a skeletal warrior)
  3494 | D        | Noticed Frederick
  3505 | D        | Killed Frederick
  3562 | D        | Noticed a lich
  3568 | D        | Killed a lich
  3568 | D        | Reached skill level 5 in Armour
  3568 | D        | Reached skill level 5 in Shields
  3645 | D        | Noticed a shadow dragon
  3645 | D        | Noticed a shadow dragon
  3653 | D        | Killed a shadow dragon
  3656 | D        | Killed a shadow dragon
  3659 | D        | Received a gift from Yredelemnul (a vampire)
  3691 | D        | Noticed a shadow dragon
  3691 | D        | Noticed a titan
  3691 | D        | Noticed a shadow dragon
  3691 | D        | Noticed a golden dragon
  3691 | D        | Noticed a stone giant
  3691 | D        | Noticed a shadow dragon
  3691 | D        | Noticed a shadow dragon
  3696 | D        | Reached XP level 14. HP: 157/157 MP: 24/24
  3697 | D        | Received a gift from Yredelemnul (a vampire knight)
  3699 | D        | Noticed a shadow dragon
  3702 | D        | Received a gift from Yredelemnul (a flayed ghost)
  3710 | D        | Killed a golden dragon
  3716 | D        | Reached skill level 15 in Dodging
  3724 | D        | Killed a shadow dragon
  3725 | D        | Reached skill level 15 in Fighting
  3726 | D        | Killed a shadow dragon
  3727 | D        | Killed a shadow dragon
  3749 | D        | Killed a shadow dragon
  3771 | D        | Killed a stone giant
  3791 | D        | Received a gift from Yredelemnul (a bone dragon)
  3808 | D        | Killed a shadow dragon
  3813 | D        | Killed a titan
  3818 | D        | Received a gift from Yredelemnul (a profane servitor)
  3818 | D        | Received a gift from Yredelemnul (a phantasmal warrior)
  3877 | D        | Got a steaming tin ring
  3880 | D        | Got a fine bone ring
  3893 | D        | Got a silver rune of Zot
  3897 | D        | Got a glittering steel amulet
  3910 | D        | Got a twisted hat
  3921 | D        | Identified the +0 hat of the Shore {rElec rC- Str+2 Slay+2}
                  | (You acquired it in the Dungeon)
  3942 | D        | Identified the ring "Wouzaem" {rPois rC+ Str+2} (You found
                  | it in the Dungeon)
  3943 | D        | Identified the ring "Zayt" {+Fly rF+ rC- Int+8} (You found
                  | it in the Dungeon)
  3946 | D        | Identified the amulet "Lase Emy" {Acrobat rPois rF+ Str+4
                  | Dex-2} (You found it in the Dungeon)
  4090 | D        | Noticed a reaper
  4090 | D        | Received a gift from Yredelemnul (a ghoul)
  4105 | D        | Noticed a sphinx
  4105 | D        | Noticed a sphinx
  4114 | D        | Killed a sphinx
  4115 | D        | Killed a sphinx
  4138 | D        | Received a gift from Yredelemnul (a ghoul)
  4140 | D        | Received a gift from Yredelemnul (a bone dragon)
  4360 | D        | Noticed a greater mummy
  4360 | D        | Noticed a greater mummy
  4361 | D        | Found the +5 robe of Night {Dark MR+ SInv}
  4543 | D        | Your ally Rupert died
  4572 | D        | Killed a greater mummy
  4572 | D        | Reached skill level 10 in Armour
  4573 | D        | Received a gift from Yredelemnul (a phantasmal warrior)
  4573 | D        | Received a gift from Yredelemnul (a vampire knight)
  4591 | D        | Killed a greater mummy
  4591 | D        | Reached skill level 10 in Shields
  4757 | D        | Reached XP level 15. HP: 166/171 MP: 25/25
  4768 | D        | Received a gift from Yredelemnul (a vampire knight)
  4792 | D        | Got a golden rune of Zot
  4850 | D        | Found the +9 scales of the Dragon King {rPois rF+ rC+ MR+}
  4866 | D        | Got a fine shield
  4877 | D        | Identified the +0 shield of Fun {rC+ Str-2 Int+2} (You
                  | acquired it in the Dungeon)
  4896 | D        | Got a translucent jade ring
  4900 | D        | Got a translucent cloak
  4911 | D        | Identified the +2 cloak "Weud" {*Corrode MR+ Dex+3 Stlth+}
                  | (You acquired it in the Dungeon)
  4922 | D        | Identified the ring "Huurhepro" {rElec MR+ SInv} (You
                  | acquired it in the Dungeon)
  4971 | D        | Noticed an ancient lich
  5049 | D        | Found Gimedal's Book Emporium.
  5049 | D        | Found Moaty's Magic Scroll Shop.
  5049 | D        | Found Haarin's Antique Armour Boutique.
  5049 | D        | Found Kerum's Food Shoppe.
  5049 | D        | Found Plog's Distillery.
  5049 | D        | Found Gillamo's Gadget Emporium.
  5049 | D        | Found Oveolata's Antique Weapon Shoppe.
  5049 | D        | Found Nuanoa Yreps's Jewellery Shop.
  5049 | D        | Found Siwav's Assorted Antiques.
  5049 | D        | Found Lebatovo's Jewellery Emporium.
  5049 | D        | Found Jeustries's Book Emporium.
  5049 | D        | Found Hosead's Food Boutique.
  5087 | D        | Bought a ration for 65 gold pieces
  5087 | D        | Bought a ration for 65 gold pieces
  5087 | D        | Bought a ration for 65 gold pieces
  5087 | D        | Bought a ration for 65 gold pieces
  5087 | D        | Bought a ration for 65 gold pieces
  5087 | D        | Bought a ration for 65 gold pieces
  5087 | D        | Bought a ration for 65 gold pieces
  5087 | D        | Bought a ration for 65 gold pieces
  5087 | D        | Bought a ration for 65 gold pieces
  5087 | D        | Bought a ration for 65 gold pieces
  5090 | D        | Bought a scroll of magic mapping for 38 gold pieces
  5105 | D        | Received a gift from Yredelemnul (a phantasmal warrior)
  5106 | D        | Received a gift from Yredelemnul (a bone dragon)
  5111 | D        | Received a gift from Yredelemnul (a ghoul)
  5121 | D        | Received a gift from Yredelemnul (a ghoul)
  5121 | D        | Received a gift from Yredelemnul (a flayed ghost)
  5121 | D        | Received a gift from Yredelemnul (a profane servitor)
  5128 | D        | Received a gift from Yredelemnul (a bone dragon)
  5184 | D        | Received a gift from Yredelemnul (a skeletal warrior)
  5196 | D        | HP: 6/174 [poison (dark miasma)]
  5379 | D        | Noticed Mara
  5402 | D        | Received a gift from Yredelemnul (a phantasmal warrior)
  5409 | D        | Noticed nuthulu's illusion
  5414 | D        | Killed Mara
  5564 | D        | Received a gift from Yredelemnul (a skeletal warrior)
  5606 | D        | Found Heeten's Distillery.
  5606 | D        | Found Wilatej's Armour Shop.
  5606 | D        | Found Tuosuys's Distillery.
  5606 | D        | Found Limigua's Food Emporium.
  5616 | D        | Bought a potion of curing for 33 gold pieces
  5616 | D        | Bought a potion of heal wounds for 55 gold pieces
  5616 | D        | Bought a potion of invisibility for 88 gold pieces
  5616 | D        | Bought a potion of resistance for 110 gold pieces
  5617 | D        | Bought 2 potions of heal wounds for 110 gold pieces
  5683 | D        | Received a gift from Yredelemnul (a skeletal warrior)
  5689 | D        | Noticed Boris
  5695 | D        | Killed Boris
  5702 | D        | Received a gift from Yredelemnul (a ghoul)
  5702 | D        | Received a gift from Yredelemnul (a phantasmal warrior)
  5707 | D        | Noticed Mennas
  5721 | D        | Killed Mennas
  5722 | D        | Received a gift from Yredelemnul (a vampire)
  5728 | D        | Received a gift from Yredelemnul (a skeletal warrior)
  5746 | D        | Received a gift from Yredelemnul (a phantasmal warrior)
  5809 | D        | Noticed Roxanne
  5817 | D        | Killed Roxanne
  5840 | D        | Received a gift from Yredelemnul (a ghoul)
  5949 | D        | Found Azymn's Food Boutique.
  5953 | D        | Received a gift from Yredelemnul (a profane servitor)
  5955 | D        | Noticed a white draconian knight
  5956 | D        | Noticed a yellow draconian knight
  5956 | D        | Noticed a black draconian knight
  5970 | D        | Killed a black draconian knight
  5980 | D        | Killed a white draconian knight
  5986 | D        | Killed a yellow draconian knight
  5990 | D        | Received a gift from Yredelemnul (a skeletal warrior)
  6022 | D        | Noticed an Executioner
  6027 | D        | Killed an Executioner
  6054 | D        | Gained mutation: You are frail. (-10% HP) [a shining eye]
  6054 | D        | Paralysed by a floating eye for 3 turns
  6059 | D        | Received a gift from Yredelemnul (a phantasmal warrior)
  6059 | D        | Received a gift from Yredelemnul (a flayed ghost)
  6064 | D        | Reached skill level 15 in Shields
  6065 | D        | Lost mutation: Your spells are a little harder to cast, but
                  | a little more powerful. [potion of mutation]
  6065 | D        | Lost mutation: You evolve. [potion of mutation]
  6065 | D        | Gained mutation: Armour fits poorly on your strangely
                  | shaped body. [potion of mutation]
  6065 | D        | Gained mutation: Your flesh is very cold resistant. (rC++)
                  | [potion of mutation]
  6070 | D        | Lost mutation: Armour fits poorly on your strangely shaped
                  | body. [potion of mutation]
  6070 | D        | Lost mutation: Your flesh is very cold resistant. (rC++)
                  | [potion of mutation]
  6070 | D        | Lost mutation: Potions are less effective at restoring your
                  | health. [potion of mutation]
  6070 | D        | Lost mutation: Your flesh is cold resistant. (rC+) [potion
                  | of mutation]
  6070 | D        | Gained mutation: You evolve. [potion of mutation]
  6070 | D        | Gained mutation: You are clumsy. (Dex -2) [potion of
                  | mutation]
  6070 | D        | Gained mutation: Your muscles are strong. (Str +2) [potion
                  | of mutation]
  6071 | D        | Lost mutation: You are frail. (-10% HP) [potion of
                  | mutation]
  6071 | D        | Lost mutation: You evolve. [potion of mutation]
  6071 | D        | Lost mutation: You are clumsy. (Dex -2) [potion of
                  | mutation]
  6071 | D        | Gained mutation: You are partially covered in icy blue
                  | scales. (AC +2) [potion of mutation]
  6071 | D        | Gained mutation: Your skin changes colour to match your
                  | surroundings (Stealth+). [potion of mutation]
  6071 | D        | Gained mutation: Your flesh is cold resistant. (rC+)
                  | [potion of mutation]
  6166 | D        | Noticed a Killer Klown
  6183 | D        | Killed a Killer Klown
  6183 | D        | Reached XP level 16. HP: 148/185 MP: 26/26
  6183 | D        | Received a gift from Yredelemnul (a phantasmal warrior)
  6192 | D        | Noticed an Orb Guardian
  6192 | D        | Noticed an Orb Guardian
  6197 | D        | Killed an Orb Guardian
  6204 | D        | Killed an Orb Guardian
  6205 | D        | Received a gift from Yredelemnul (a vampire)
  6216 | D        | Noticed an ancient lich
  6236 | D        | Killed an ancient lich
  6297 | D        | Noticed an electric golem
  6311 | D        | Killed an electric golem
  6311 | D        | Reached skill level 15 in Armour
  6312 | D        | Received a gift from Yredelemnul (a phantasmal warrior)
  6502 | D        | Noticed Geryon
  6540 | D        | Received a gift from Yredelemnul (a skeletal warrior)
  6552 | D        | Received a gift from Yredelemnul (a skeletal warrior)
  6566 | D        | Killed Geryon
  6566 | D        | Enslaved Geryon
  6578 | D        | Received a gift from Yredelemnul (a bone dragon)
  6578 | D        | Received a gift from Yredelemnul (a vampire)
  6597 | D        | Received a gift from Yredelemnul (a ghoul)
  6615 | D        | Noticed an iron giant
  6627 | D        | Killed an iron giant
  6627 | D        | Received a gift from Yredelemnul (a skeletal warrior)
  6630 | D        | Received a gift from Yredelemnul (a phantasmal warrior)
  6646 | D        | Received a gift from Yredelemnul (a vampire)
  6668 | D        | Noticed a Hell Sentinel
  6668 | D        | Noticed a Hell Sentinel
  6668 | D        | Identified the +4 staff of Dispater
  6668 | D        | Noticed Dispater
  6699 | D        | Killed a Hell Sentinel
  6699 | D        | Received a gift from Yredelemnul (a bone dragon)
  6699 | D        | Received a gift from Yredelemnul (a skeletal warrior)
  6706 | D        | Killed a Hell Sentinel
  6711 | D        | Noticed an Orb Guardian
  6711 | D        | Noticed an Orb Guardian
  6765 | D        | Killed Dispater
  6784 | D        | Got an iron rune of Zot
  6936 | D        | Received a gift from Yredelemnul (a bone dragon)
  6948 | D        | Noticed an Ice Fiend
  6953 | D        | Killed an Ice Fiend
  6953 | D        | Received a gift from Yredelemnul (a profane servitor)
  6960 | D        | Noticed Antaeus
  6989 | D        | Got an icy rune of Zot
  7018 | D        | HP: 6/189 [Antaeus (9)]
  7019 | D        | Slain by Antaeus

Skill      XL: |  1  2  3  4  5  6  7  8  9 10 11 12 13 14 15 16 |
---------------+-------------------------------------------------+-----
Fighting       | 3 4 5 6 7 10 12 14 16 18 19 | 19.0
Dodging        | 3 4 5 6 7 8 10 12 14 17 18 19 | 19.1
Unarmed Combat | 5 6 11 12 14 16 18 20 21 | 21.7
Invocations    | 1 2 4 6 10 14 15 | 15.9
Armour         | 6 10 14 17 | 17.1
Shields        | 5 10 15 19 | 19.5
Stealth        | |  1.0

Action                   |  1- 3 |  4- 6 |  7- 9 | 10-12 | 13-15 | 16-18 || total
-------------------------+-------+-------+-------+-------+-------+-------++-------
Melee: Unarmed           |    17 |    12 |    87 |   112 |   270 |   119 ||   617
       Punch             |       |     1 |     6 |     9 |     7 |       ||    23
Throw: Throwing net      |       |       |       |       |       |     1 ||     1
Invok: Animate Remains   |       |     1 |     2 |       |       |       ||     3
       Animate Dead      |       |       |    10 |    25 |    22 |     6 ||    63
       Enslave Soul      |       |       |       |       |       |     1 ||     1
  Use: Scroll            |     2 |     2 |       |     2 |    10 |       ||    16
       Potion            |       |     4 |     2 |     1 |    11 |     5 ||    23
 Stab: Sleeping          |       |     1 |     1 |     4 |     2 |       ||     8
       Distracted        |       |       |     1 |     2 |     5 |     1 ||     9
  Eat: Chunk             |     1 |     1 |       |     2 |     1 |       ||     5
       Ration            |       |       |     3 |     5 |    12 |     3 ||    23
Armor: Robe              |     3 |     1 |    19 |    15 |    10 |       ||    48
       Gold dragon scale |       |       |       |       |    39 |    60 ||    99
Dodge: Dodged            |     9 |     4 |    47 |    73 |    89 |    49 ||   271
Block: Shield            |       |       |       |       |    92 |    69 ||   161
       Other             |       |       |       |       |     3 |       ||     3
       Reflection        |       |       |       |       |     1 |       ||     1
